 Dungeon Crawl Stone Soup version 0.30-a0-553-g7fabdf1491 (webtiles) character file.

Game seed: 8820619099189039292

352 bmack86 the Chopper (level 6, -8/53 HPs)
             Began as a Minotaur Fighter on Dec 27, 2022.
             Mangled by an ogre
             ... wielding a +0 giant club
              (30 damage)
             ... on level 4 of the Dungeon.
             The game lasted 00:10:11 (2296 turns).

bmack86 the Chopper (Minotaur Fighter)              Turns: 2296, Time: 00:10:11

Health: -8/53      AC: 10    Str: 22    XL:     6   Next: 34%
Magic:  5/5        EV:  9    Int:  5    God:
Gold:   162        SH:  4    Dex: 10    Spells: 5/5 levels left

rFire   . . .      SeeInvis .    a - +0 war axe
rCold   . . .      Faith    .    c - +0 buckler
rNeg    . . .      Spirit   .    b - +0 scale mail
rPois   .          Reflect  .    (helmet restricted)
rElec   .          Harm     .    p - +2 cloak
rCorr   .          Rampage  .    (no gloves)
Will    .....                    (no boots) Stlth
                                 (no amulet)
HPRegen 0.28/turn                (no ring)
MPRegen 0.09/turn                (no ring)

@: no status effects
A: horns 2, retaliatory headbutt
a: no special abilities


You were on level 4 of the Dungeon.
You visited 1 branch of the dungeon, and saw 4 of its levels.

You collected 162 gold pieces.

Inventory:

Hand Weapons
 a - a +0 war axe (weapon)
Missiles
 j - 4 boomerangs (quivered)
 s - 9 poisoned darts
Armour
 b - a +0 scale mail (worn)
 c - a +0 buckler (worn)
 p - a +2 cloak (worn)
Jewellery
 h - a ring of magical power
Wands
 x - a wand of roots (11)
Scrolls
 f - a scroll of poison {unknown}
 i - 3 scrolls of magic mapping {unknown}
 l - a scroll of summoning {unknown}
 m - 2 scrolls of blinking {unknown}
 n - a scroll of enchant weapon {unknown}
 q - a scroll of immolation {unknown}
 u - a scroll of vulnerability {unknown}
 w - a scroll of fog {unknown}
Potions
 d - 2 potions of might
 g - 3 potions of curing
 k - 3 potions of mutation
 o - 2 potions of lignification
 r - a potion of haste {unknown}
 t - 4 potions of heal wounds
 v - a potion of magic {unknown}


   Skills:
 + Level 4.7 Fighting
 * Level 5.2 Axes
 + Level 2.1 Throwing
 + Level 4.9 Armour
 + Level 4.8 Shields


You had 5 spell levels left.
You didn't know any spells.
Your spell library contained the following spells:

 Spells                   Type           Power      Damage    Failure   Level
 Shock                    Conj/Air       0%         1d3       86%         1
 Summon Guardian Golem    Hex/Summ       0%         N/A       99%         3
 Swiftness                Air            0%         N/A       99%         3
 Airstrike                Air            0%         2d(0-16)  100%        4
 Orb of Destruction       Conj           0%         9d5       100%        7
 Spellforged Servitor     Conj/Summ      0%         N/A       100%        7


Dungeon Overview and Level Annotations

Branches:
Dungeon (4/15)
 Temple: D:4-7

Altars:
Qazlal
Ru


Innate Abilities, Weirdness & Mutations

You have a pair of horns on your head.
You reflexively headbutt those who attack you in melee.


Message History

An ogre comes into view. It is wielding a +0 giant spiked club.
Found a potion of heal wounds.
The ogre shouts!
You hear the slow rusting of a very distant drain.
An adder comes into view.
Found a tower shield.
The adder hisses angrily.
You see here a scroll labelled FASOSY KAJUOTZ.
The ogre hits you with a +0 giant spiked club!!
Ouch! That really hurt!
You hit the ogre.
The ogre is lightly wounded.
An ogre comes into view. It is wielding a +0 giant club.
The ogre barely misses you. You furiously retaliate!
You headbutt the ogre!
The ogre shouts!
You slash the ogre!
You kill the ogre!
You hit the adder. The adder bites you but does no damage.
The adder closely misses you.
Your Axes skill increases to level 5!
Your Throwing skill increases to level 2!
The adder bites you.
Things that are here:
a +0 giant spiked club; an ogre corpse You hit the adder.
The adder is heavily wounded.
The adder bites you but does no damage. x2
You hit the adder. Your headbutt misses the adder.
The adder is almost dead.
The adder bites you but does no damage.
You barely miss the adder.
The adder is almost dead.
You hit the ogre. The adder closely misses you. The ogre misses you.
The adder barely misses you.
You slash the adder!
You kill the adder!
You hit the ogre.
The ogre hits you with a +0 giant club!!
Ouch! That really hurt!
You die...

#.....#.. #.....#..
#....... #####.....# . .
#........##..
..##............
...............O....#.)
...............@†.#....
..........#...?.....!..
..................##.[.
..................# #
..............##..##
...............#.## ###
...............#.####....
...........##............
..........####.......#...


You could see an ogre.

Vanquished Creatures
  An ogre (D:4)
  A scorpion (D:4)
  A necrophage (D:4)
  Crazy Yiuf (D:3)
  An iguana (D:3)
  A gnoll (D:1)
  4 adders
  2 dart slugs
  An orc (D:3)
  5 ball pythons
  4 bats
  3 endoplasms
  A giant cockroach (D:4)
  4 goblins (D:1)
  2 hobgoblins
  4 jackals (D:1)
  A quokka (D:3)
  5 frilled lizards
  9 kobolds
  7 rats
58 creatures vanquished.

Notes
Turn   | Place    | Note
-------+----------+-------------------------------------------
     0 | D:1      | bmack86 the Minotaur Fighter began the quest for the Orb.
     0 | D:1      | Reached XP level 1. HP: 19/19 MP: 0/0
   244 | D:1      | Reached XP level 2. HP: 27/27 MP: 1/1
   346 | D:1      | Reached skill level 3 in Axes
   418 | D:1      | Reached XP level 3. HP: 26/33 MP: 2/2
  1026 | D:2      | Found a faded altar of an unknown god.
  1485 | D:3      | Reached skill level 1 in Throwing
  1485 | D:3      | Reached XP level 4. HP: 19/40 MP: 3/3
  1905 | D:3      | Found a runed translucent door.
  1906 | D:3      | Noticed Crazy Yiuf
  1911 | D:3      | Killed Crazy Yiuf
  1912 | D:3      | Reached skill level 4 in Axes
  2155 | D:4      | Reached XP level 5. HP: 47/47 MP: 4/4
  2252 | D:4      | Reached XP level 6. HP: 41/53 MP: 5/5
  2257 | D:4      | Found a stormy altar of Qazlal.
  2257 | D:4      | Found a sacrificial altar of Ru.
  2292 | D:4      | Reached skill level 5 in Axes
  2296 | D:4      | Mangled by an ogre

Illustrated notes

Levels and vault maps discovered:
D:1:      dpeg_arrival_orchard, layout_basic, nicolae_figureground_pulse
D:2:      layout_basic, shapermc_ecumenical_altar_notcrosses, minmay_ruptured
D:3:      layout_basic, hangedman_decor_push, uniq_crazy_yiuf_cottage
D:4:      layout_rooms, gammafunk_temple_overflow_elements,
          minmay_temple_entry_slanted, portal_sewer_entry_b

Skill      XL: |  1  2  3  4  5  6 |
---------------+-------------------+-----
Shields        | 4 |  4.8
Axes           | 3 4 5 |  5.2
Armour         | 4 |  4.9
Fighting       | 4 |  4.7
Throwing       | 1 2 |  2.1

Action                   |  1- 3 |  4- 6 || total
-------------------------+-------+-------++-------
Melee: War axe           |    78 |    41 ||   119
       Headbutt          |     4 |     7 ||    11
  Use: Scroll            |     3 |     1 ||     4
Armor: Scale mail        |    55 |    28 ||    83
Dodge: Dodged            |    52 |    24 ||    76
Block: Buckler           |    22 |     7 ||    29

Table legend: (Time is in decaauts)
 A = Elapsed time spent in this place.
 B = Non-inter-level travel time spent in this place.
 C = Inter-level travel time spent in this place.
 D = Time resting spent in this place.
 E = Time spent auto-exploring this place.
 F = Levels seen in this place.
 G = Mean time per level.
                   A        B        C        D        E       F      G
               +--------+--------+--------+--------+--------+-----+--------+
         Total |   2338 |   2271 |     67 |    105 |   1404 |   4 |  584.5 |
       Dungeon |   2338 |   2271 |     67 |    105 |   1404 |   4 |  584.5 |
               +--------+--------+--------+--------+--------+-----+--------+

Top non-repeatable levels by time:
     D:3: 746 daAuts
     D:2: 722 daAuts
     D:1: 708 daAuts
     D:4: 161 daAuts
